 Dungeon Crawl Stone Soup version 0.24.1-4-ge52af88ad5 (webtiles) character file.

Game seed: 201754614172909163, levelgen mode: deterministic

440 nightchill the Chopper (level 6, -1/49 HPs)
             Began as a Demonspawn Gladiator on Apr 14, 2020.
             Slain by Duvessa
             ... wielding a +0 short sword of electrocution
              (11 damage)
             ... on level 4 of the Dungeon.
             The game lasted 00:07:04 (3326 turns).

nightchill the Chopper (Demonspawn Gladiator)       Turns: 3326, Time: 00:07:05

Health: -1/49      AC:  9    Str: 16    XL:     6   Next: 70%
Magic:  6/6        EV:  7    Int: 10    God:
Gold:   199        SH:  0    Dex: 14    Spells: 5/5 levels left

rFire    . . .     SeeInvis .   a - +0 war axe
rCold    . . .     Gourm    .   (no shield)
rNeg     . . .     Faith    .   m - +0 chain mail
rPois    .         Spirit   .   c - +0 helmet
rElec    .         Reflect  .   (no cloak)
rCorr    .         Harm     .   (no gloves)
MR       .....                  (no boots)
Stlth    ..........             (no amulet)
HPRegen  0.16/turn              (no ring)
MPRegen  0.10/turn              (no ring)

@: confused
A: talons 1
a: no special abilities


You were on level 4 of the Dungeon.
You were not hungry.

You visited 1 branch of the dungeon, and saw 4 of its levels.

You collected 199 gold pieces.

Inventory:

Hand Weapons
 a - a +0 war axe (weapon)
 h - a +0 hunting sling
Missiles
 d - 3 throwing nets (quivered)
 j - 150 stones
Armour
 b - a +0 leather armour
 c - a +0 helmet (worn)
 m - a +0 chain mail (worn)
 o - a +0 buckler
Jewellery
 s - an uncursed amulet of rage {unknown}
Wands
 p - a wand of iceblast (10)
 y - a wand of random effects (24)
Scrolls
 e - 6 scrolls of identify {unknown}
 g - 3 scrolls of enchant weapon {unknown}
 i - 2 scrolls of enchant armour {unknown}
 k - 4 scrolls of remove curse {unknown}
 n - 4 scrolls of teleportation {unknown}
 q - a scroll of fog {unknown}
 t - a scroll of amnesia {unknown}
 u - a scroll of fear {unknown}
Potions
 r - a potion of resistance {unknown}
 v - a potion of heal wounds {unknown}
 w - a potion of curing {unknown}
Comestibles
 f - 6 rations
 x - a chunk of flesh


   Skills:
 + Level 4.4 Fighting
 * Level 5.9 Axes
 - Level 1.7 Throwing
 - Level 2.6 Dodging


You had 5 spell levels left.
You didn't know any spells.
Your spell library contained the following spells:

 Spells                   Type           Power        Failure   Level  Hunger
 Magic Dart               Conj           #...         100%        1    ##.....
 Blink                    Tloc           N/A          100%        2    ###....
 Call Imp                 Summ           #.......     100%        2    ###....
 Slow                     Hex            #.......     100%        2    ###....
 Conjure Flame            Conj/Fire      #.......     100%        3    ####...
 Mephitic Cloud           Conj/Pois/Air  #.......     100%        3    ####...


Dungeon Overview and Level Annotations

Branches:
Dungeon (4/15)
 Temple: D:4-7

Altars:
Zin

Annotations:
D:4 Dowan, Duvessa


Innate Abilities, Weirdness & Mutations

You have sharp toenails.


Message History

You are electrocuted!
You closely miss Duvessa. You claw Duvessa.
Duvessa is severely wounded.
You hit Dowan. Duvessa hits you but does no damage.
Dowan hits you but does no damage.
You hit Duvessa but do no damage. You claw Duvessa, but do no damage.
Duvessa is severely wounded.
You hit Dowan. Duvessa barely misses you.
Dowan points at you and mumbles some strange words.
The puff of flame hits you.
* * * LOW HITPOINT WARNING * * *
It was a potion of ambrosia.
You are confused.
You feel invigorated. Dowan gestures at you while chanting.
The puff of flame misses you.
The puff of flame hits Duvessa.
Duvessa hits you with a +0 short sword of electrocution.
* * * LOW HITPOINT WARNING * * *
You are electrocuted!
You die...

#....e# +.....#
#.....# #.....#
#....## #....# #
#....# ##
###+#รท..e########
##.
#....####@.......
#.# #....#
#.e...... #.#
#....# #........
##. #....#
#........ ##
#....# #........
### ########....#
#........ #..
........#####
######### #.#
........# ###
........# #


You could see Duvessa and Dowan.

Vanquished Creatures
  Eustachio (D:4)
  A phantom (D:4)
  A scorpion (D:4)
  An orc priest (D:3)
  A worker ant (D:4)
  3 adders
  An ooze (D:4)
  3 worms
  3 leopard geckos
  10 orcs (D:3)
  A ball python (D:3)
  2 giant cockroaches (D:3)
  5 goblins
  7 hobgoblins
  6 kobolds
  5 quokkas
  4 bats
  4 frilled lizards
  7 rats
66 creatures vanquished.

Notes
Turn   | Place    | Note
-------+----------+-------------------------------------------
     0 | D:1      | nightchill the Demonspawn Gladiator began the quest for the
                  | Orb.
     0 | D:1      | Reached XP level 1. HP: 16/16 MP: 1/1
   250 | D:1      | Reached skill level 3 in Axes
   258 | D:1      | Gained mutation: You have sharp toenails. [demonic
                  | ancestry]
   258 | D:1      | Reached XP level 2. HP: 22/22 MP: 2/2
  1021 | D:2      | Reached XP level 3. HP: 26/28 MP: 3/3
  1717 | D:3      | Reached skill level 4 in Axes
  1717 | D:3      | Reached XP level 4. HP: 32/35 MP: 4/4
  2523 | D:4      | Found a glowing silver altar of Zin.
  2550 | D:4      | Noticed a phantom
  2601 | D:4      | Killed a phantom
  2601 | D:4      | Reached skill level 5 in Axes
  2601 | D:4      | Reached XP level 5. HP: 26/42 MP: 5/5
  2866 | D:4      | Noticed Eustachio
  2890 | D:4      | Killed Eustachio
  2890 | D:4      | Reached XP level 6. HP: 32/48 MP: 6/6
  3293 | D:4      | Noticed Dowan
  3294 | D:4      | Noticed Duvessa
  3326 | D:4      | Slain by Duvessa

Levels and vault maps discovered:
D:1:      roderic_octagonal_star, layout_basic, minmay_misc_feat_columns
D:2:      layout_basic
D:3:      layout_loops_ring
D:4:      layout_gridville, marbit_many_paths, first_ration, uniq_eustachio,
          uniq_duvessa

Skill      XL: |  1  2  3  4  5 |
---------------+----------------+-----
Axes           | 3 4 5 |  5.9
Fighting       | 3 4 |  4.4
Throwing       | |  1.7
Dodging        | |  2.6

Action                   |  1- 3 |  4- 6 || total
-------------------------+-------+-------++-------
Melee: War axe           |    82 |   117 ||   199
       Kick              |    16 |    25 ||    41
  Use: Potion            |       |     1 ||     1
  Eat: Chunk             |     2 |     2 ||     4
       Ration            |       |     1 ||     1
Armor: Leather armour    |     6 |       ||     6
       Chain mail        |    24 |    54 ||    78
Dodge: Dodged            |    34 |    32 ||    66
